 Dungeon Crawl Stone Soup version 0.26-a0-61-g6c07f0ee8d (webtiles) character file.

Game seed: 8722546091520166599

123468 sanka the Gelid (level 16, -16/136 HPs)
             Began as a Barachi Ice Elementalist on June 8, 2020.
             Was a High Priest of Vehumet.
             Demolished by a skeletal warrior
             ... wielding a +2 trident of protection
              (20 damage)
             ... on level 14 of the Dungeon on June 9, 2020.
             The game lasted 01:46:11 (35983 turns).

sanka the Gelid (Barachi Ice Elementalist)         Turns: 35983, Time: 01:46:12

Health: -16/136    AC: 23    Str:  9    XL:     16   Next: 90%
Magic:  21/34      EV: 20    Int: 28    God:    Vehumet [*****.]
Gold:   1870       SH:  0    Dex: 12    Spells: 7/43 levels left

rFire    + . .     SeeInvis +   a - +8 short sword "Glorpo" {holy, Str-2 Int+6 SInv Stlth+}
rCold    . . .     Gourm    .   (no shield)
rNeg     . . .     Faith    .   y - +1 leather armour of Narcissism {Harm rF+ SInv}
rPois    .         Spirit   .   q - +0 helmet
rElec    .         Reflect  .   (no cloak)
rCorr    .         Harm     +   R - +0 pair of gloves
MR       +....                  x - +1 pair of boots
Stlth    +++.......             i - amulet of the acrobat
HPRegen  0.32/turn              I - ring of wizardry
MPRegen  0.24/turn              D - +4 ring of protection

@: brilliant, icy armour, slow
A: +LOS, swims, slowness 1, strong legs 2
a: Hop, Renounce Religion


You were on level 14 of the Dungeon.
You worshipped Vehumet.
Vehumet was extremely pleased with you.
You were not hungry.

You visited 4 branches of the dungeon, and saw 24 of its levels.
You also visited: Ice Cave.

You collected 2915 gold pieces.
You spent 1045 gold pieces at shops.


Innate Abilities, Weirdness & Mutations

You can be seen from farther away. (+LOS)
You can swim through water.
You cover ground slowly.
You can hop long distances.


   Skills:
 - Level 15.0 Fighting
 - Level 15.0 Dodging
 - Level 2.0 Stealth
 + Level 14.2 Spellcasting
 - Level 4.0 Conjurations
 - Level 4.0 Summonings
 + Level 19.4 Ice Magic
 - Level 4.0 Air Magic


You had 7 spell levels left.
You knew the following spells:

 Your Spells              Type           Power        Failure   Level  Hunger
a - Ozocubu's Armour      Chrm/Ice       #######.     1%          3    None
i - Absolute Zero         Ice            ########..   14%         9    None
u - Hailstorm             Conj/Ice       #######.     1%          4    None
x - Summon Ice Beast      Ice/Summ       #######.     1%          4    None
y - Frozen Ramparts       Ice            ######       0%          3    None
z - Freeze                Ice            ####         0%          1    None
C - Freezing Cloud        Conj/Ice/Air   #######...   1%          6    None
X - Ozocubu's Refrigerat  Ice            ########..   1%          6    None

Your spell library contained the following spells:

 Spells                   Type           Power        Failure   Level  Hunger
 Iron Shot                Conj/Erth      #####.....   24%         6    None
 Animate Skeleton         Necr           N/A          1%          1    None
 Apportation              Tloc           ####..       1%          1    None
 Beastly Appendage        Tmut           ####..       1%          1    None
 Shock                    Conj/Air       ####         1%          1    None
 Summon Butterflies       Summ           ######..     1%          1    None
 Summon Small Mammal      Summ           ####         1%          1    None
 Call Imp                 Summ           ######..     1%          2    None
 Poisonous Vapours        Pois/Air       #####.       1%          2    None
 Swiftness                Chrm/Air       #####...     1%          2    None
 Call Canine Familiar     Summ           ######..     1%          3    None
 Conjure Flame            Conj/Fire      #####...     1%          3    None
 Mephitic Cloud           Conj/Pois/Air  ######..     1%          3    None
 Static Discharge         Conj/Air       ######..     1%          3    None
 Summon Guardian Golem    Hex/Summ       #####...     1%          3    None
 Airstrike                Air            ######....   1%          4    None
 Ice Form                 Ice/Tmut       #######.     1%          4    None
 Metabolic Englaciation   Hex/Ice        #######...   1%          5    None
 Sticks to Snakes         Tmut           ####....     2%          2    None
 Summon Lightning Spire   Summ/Air       ######..     2%          4    None
 Lightning Bolt           Conj/Air       ######....   2%          5    None
 Lesser Beckoning         Tloc           ####......   4%          3    None
 Spider Form              Tmut/Pois      ####......   4%          3    None
 Tukima's Dance           Hex            ####....     4%          3    None
 Simulacrum               Ice/Necr       #######...   4%          6    None
 Conjure Ball Lightning   Conj/Air       ######....   12%         6    None
 Summon Mana Viper        Hex/Summ       #####...     17%         5    None
 Alistair's Intoxication  Tmut/Pois      ####....     38%         5    None
 Blade Hands              Tmut           ####......   38%         5    None
 Invisibility             Hex            ####....     89%         6    None
 Summon Hydra             Summ           ######....   91%         7    None
 Ring of Flames           Chrm/Fire      ####......   100%        7    None
 Chain Lightning          Conj/Air       ######....   97%         8    None
 Lehudib's Crystal Spear  Conj/Erth      #####.....   99%         8    None
 Fire Storm               Conj/Fire      #####.....   100%        9    None

Inventory:

Hand Weapons
 a - the +8 short sword "Glorpo" (weapon) {holy, Str-2 Int+6 SInv Stlth+}

   It has been blessed by the Shining One to cause great damage to the undead
   and demons.
   It affects your strength (-2).
   It affects your intelligence (+6).
   It lets you see invisible.
   It makes you more stealthy.
Armour
 q - a +0 helmet (worn)
 x - a +1 pair of boots (worn)
 y - the +1 leather armour of Narcissism (worn) {Harm rF+ SInv}

   It protects you from fire.
   It lets you see invisible.
   It increases damage dealt and taken.
 R - a +0 pair of gloves (worn)
Magical Staves
 N - an uncursed staff of air
Jewellery
 i - an amulet of the acrobat (around neck)
 l - an uncursed ring of stealth
 n - an uncursed ring of positive energy
 o - an uncursed ring of protection from magic
 v - an uncursed amulet of reflection
 z - an uncursed ring of protection from cold
 D - a +4 ring of protection (right hand)
 I - a ring of wizardry (left hand)
 O - the ring of Finality {rPois Dex+2}

   [ring of poison resistance]

   It affects your dexterity (+2).
   It protects you from poison.
 P - an uncursed ring of ice
Wands
 r - a wand of polymorph (16)
 G - a wand of acid (10)
 S - a wand of clouds (4)
 Y - a wand of digging (6)
 Z - a wand of iceblast (28)
Scrolls
 d - 11 scrolls of teleportation {@r4}
 e - 3 scrolls of fog
 h - a scroll of silence {!r}
 k - 11 scrolls of remove curse
 w - a scroll of blinking
 B - a scroll of acquirement
 C - 2 scrolls of immolation {!r}
 F - 8 scrolls of magic mapping
 J - a scroll of amnesia
 K - 4 scrolls of enchant armour
 T - 5 scrolls of fear
 V - 3 scrolls of enchant weapon
 W - 2 scrolls of holy word
 X - 2 scrolls of identify {@r1}
Potions
 b - a potion of mutation {!q}
 f - 9 potions of haste {@q3}
 g - 2 potions of resistance
 j - a potion of berserk rage {!q}
 p - 2 potions of flight
 s - 2 potions of magic
 t - 17 potions of curing {@q1}
 u - 2 potions of stabbing
 A - 4 potions of brilliance
 H - a potion of invisibility
 L - 6 potions of heal wounds {@q2}
 M - 2 potions of might
 Q - a potion of cancellation
 U - 2 potions of lignification {!q}
Comestibles
 c - 67 rations

Dungeon Overview and Level Annotations

Branches:
Dungeon (15/15)            Temple (0/1) D:6            Lair (6/6) D:11
  Swamp (0/4) Lair:2       Spider (1/4) Lair:4        Slime (0/5) Lair:6
    Orc (2/2) D:9             Elf (0/3) Orc:2        Vaults (0/5) D:13
 Depths (0/5) D:15          IceCv (visited)

Altars:
Elyvilon
Gozag
Makhleb
Sif Muna
Trog
Vehumet
Wu Jian
Yredelemnul
Zin
Beogh
Jiyva

Shops:
D:6 !   D:13 *   Orc:2 ??::

Portals:
Trove: D:14 (give 3 potions of resistance)

Annotations:
D:14 1 transporter, 1 runed translucent door, Ozilapy's ghost, journeyman TrTm

▒▒▒▒▒▒▒▒▒▒▒▒▒▒▒▒ ▒▒▒▒
▒..............▒
...▒▒▒▒▒..............▒
...............(......▒
......................▒▒▒▒▒▒▒▒▒▒▒
.................................
▒'▒▒▒▒▒..........▒▒'▒▒▒▒▒▒▒▒.▒▒▒▒
......▒...▒▒▒▒▒▒F▒.........▒.▒
......▒...▒....▒8▒.........'.▒
......▒...▒....▒Lz.........▒.▒
......▒...▒(...▒'▒▒...▒▒+▒.▒.▒
......▒...▒▒''▒▒1.▒...▒..▒▒▒.▒▒▒▒
......+....=..▒▒.♣▒.⌠.▒C♣.▒▒.....
▒▒▒▒▒▒▒.▒▒▒▒▒▒▒...▒...▒...▒......
........▒.....▒.♣.▒▒.▒▒..▒▒▒▒▒▒..
........▒.....▒....▒▒▒..♣▒▒...▒..


You could see a Tzitzimitl (summoned), a lich (invisible) and a skeletal
warrior.


Message History

Your icy armour cracks and falls away as you move.
The skeletal warrior closely misses you.
The Tzitzimitl calls on the powers of darkness!
Your body is wracked with pain!
Ouch! That really hurt!
* * * LOW HITPOINT WARNING * * *
The Tzitzimitl calls on the powers of darkness!
Your body is wracked with pain!
* * * LOW HITPOINT WARNING * * *
A film of ice covers your body!
The skeletal warrior hits you with a +2 scimitar!
* * * LOW HITPOINT WARNING * * *
The lich mumbles some strange words.
The lich flickers and vanishes for a moment.
The skeletal warrior hits you but does no damage.
Unknown command.
You don't know that spell.
Okay, then.
You don't know that spell.
The spell is quite dangerous to cast (14% risk of failure)!
Continue anyway?
You chill the skeletal warrior to absolute zero!
The skeletal warrior is frozen into a solid block of ice!
You destroy the skeletal warrior!
Vehumet accepts your kill.
The lich touches the skeletal warrior shaped block of ice.
The Tzitzimitl calls on the powers of darkness!
Your body is wracked with pain!
* * * LOW HITPOINT WARNING * * *
The skeletal warrior hits you from afar with a +2 trident of protection!
You die...

Action                   |  1- 3 |  4- 6 |  7- 9 | 10-12 | 13-15 | 16-18 || total
-------------------------+-------+-------+-------+-------+-------+-------++-------
Melee: Unarmed           |    19 |       |       |       |       |       ||    19
       Dagger            |     7 |       |       |       |       |       ||     7
       Short sword       |     4 |    15 |       |   119 |   253 |   362 ||   753
       Great sword       |       |    38 |     1 |       |       |       ||    39
       Mace              |       |       |    52 |    55 |       |       ||   107
       Hunting sling     |       |       |       |     1 |       |       ||     1
 Fire: Hunting sling     |       |       |    73 |    99 |       |       ||   172
Throw: Stone             |       |       |       |     1 |     2 |       ||     3
 Cast: Freeze            |    42 |    52 |    49 |   173 |   365 |    12 ||   693
       Frozen Ramparts   |       |    11 |    27 |    45 |    64 |    16 ||   163
       Ozocubu's Armour  |       |     3 |    18 |    34 |    38 |    27 ||   120
       Summon Ice Beast  |       |       |     2 |    14 |    15 |     1 ||    32
       Hailstorm         |       |       |     1 |    18 |    12 |     2 ||    33
       Ozocubu's Refrige |       |       |       |       |    76 |    40 ||   116
       Absolute Zero     |       |       |       |       |       |     1 ||     1
 Abil: Hop               |       |       |       |       |     2 |       ||     2
Evoke: Wand              |       |       |       |     6 |     8 |    30 ||    44
  Use: Scroll            |       |     1 |    13 |     9 |     3 |     6 ||    32
       Potion            |       |       |       |     3 |       |     1 ||     4
 Stab: Sleeping          |     2 |     2 |     2 |     4 |     8 |     1 ||    19
       Distracted        |       |     1 |       |       |       |     1 ||     2
       Confused          |       |       |       |     5 |       |       ||     5
  Eat: Chunk             |     4 |    10 |    16 |    24 |    55 |    25 ||   134
       Ration            |       |       |     1 |     1 |     1 |     3 ||     6
Armor: Robe              |     7 |    35 |    45 |    43 |    84 |       ||   214
       Leather armour    |       |       |       |    18 |    42 |   128 ||   188
       Troll leather arm |       |       |       |    50 |       |       ||    50
Dodge: Dodged            |    29 |    81 |   104 |   368 |   641 |   573 ||  1796
       Rpst.: Great sword |       |    10 |       |       |       |       ||    10

Levels and vault maps discovered:
D:1:      nzn_arrival_depleted_hourglass, layout_basic, minmay_rat_gold_closets
D:2:      layout_rooms, grunt_gozag_breadcrumbs, uniq_robin, uniq_sigmund
D:3:      layout_basic, lemuel_round_altar, gammafunk_ghost_icy
D:4:      cheibrodos_pilgrimage, layout_loops_ring, led_sif_book, vehumet_statue
D:5:      layout_layer_cave, first_ration, basic_altar,
          kennysheep_generic_room_13
D:6:      layout_loops_ring, yredelemnul_altar_generic, old_standard_altar,
          minmay_temple_entry_glassed_door, serial_shops, shop
D:7:      layout_loops_ring, gammafunk_ghost_cemetery, the_bakery, uniq_menkaure
D:8:      gammafunk_beogh_shrine, layout_layer_cave, elyvilon_altar_1,
          minmay_liquid_box, uniq_prince_ribbit1, uniq_erica, uniq_psyche
D:9:      layout_cross, hiddenorc1_lemuel
D:10:     layout_rooms
D:11:     layout_basic, lair_entry_dummy
D:12:     layout_roguey, minivault_11
D:13:     layout_long_grid, david_vaults_1, serial_shops, shop, basic_altar,
          nicolae_two_hexagons
D:14:     gammafunk_sealed_library, layout_irregular_city,
          nicolae_trove_entry_crossroad, muffindrake_ghost_dual_entry,
          nooodl_food_tri
D:15:     hangedman_depths_entry_civil_slaughter, layout_basic,
          portal_ice_cave_entry_ice_beasts, serial_park_square3
          [serial_park_minivault_5x5_3], minmay_misc_feat_roman, st_stairs_8
Lair:1:   wander_river, layout_hall_layers, minmay_lair_oklob_chamber
Lair:2:   layout_regular_city, minmay_swamp_entry_worms,
          chequers_serial_rivers_room_a, uniq_gastronok, uniq_sonja, uniq_fannar
Lair:3:   layout_roguey, grunt_megastairs_2, serial_bayou_shore_a
Lair:4:   hangedman_what_comes_after_a, layout_gridlike,
          nicolae_spider_entry_non_spiders, uniq_kirke
Lair:5:   layout_loops_ring, infiniplex_staircase_pool, lemuel_fruit_tree
Lair:6:   minmay_lair_end_frog_pond, layout_long_grid, slime_altar_1
Spider:1: layout_spider_delve, gammafunk_ghost_necromancy,
          minmay_another_anthill, uniq_josephine
Orc:1:    layout_caves
Orc:2:    pubby_orc_utopia, uniq_erolcha

Notes
Turn   | Place    | Note
-------+----------+-------------------------------------------
     0 | D:1      | sanka the Barachi Ice Elementalist began the quest for the
                  | Orb.
     0 | D:1      | Reached XP level 1. HP: 13/13 MP: 3/3
   321 | D:1      | Reached skill level 5 in Ice Magic
   366 | D:1      | Reached XP level 2. HP: 7/19 MP: 0/5
  1159 | D:1      | Reached XP level 3. HP: 24/24 MP: 5/7
  1307 | D:1      | Reached skill level 3 in Spellcasting
  2046 | D:2      | Learned a level 3 spell: Frozen Ramparts
  2050 | D:2      | Learned a level 3 spell: Ozocubu's Armour
  2056 | D:2      | Reached skill level 6 in Ice Magic
  2056 | D:2      | Reached XP level 4. HP: 30/30 MP: 4/8
  2279 | D:2      | Noticed Robin
  2295 | D:2      | Killed Robin
  2587 | D:2      | Reached skill level 7 in Ice Magic
  2587 | D:2      | Reached XP level 5. HP: 33/35 MP: 7/9
  2866 | D:2      | Noticed Sigmund
  2868 | D:2      | Found an opulent altar of Gozag.
  2875 | D:2      | Killed Sigmund
  2875 | D:2      | Reached skill level 8 in Ice Magic
  2875 | D:2      | Reached XP level 6. HP: 31/41 MP: 2/10
  3599 | D:3      | Found a runed translucent gate.
  3599 | D:3      | Found a runed translucent gate.
  3600 | D:3      | Found an ornate altar of the Wu Jian Council.
  3777 | D:3      | Reached skill level 9 in Ice Magic
  4157 | D:3      | Found a runed translucent gate.
  4254 | D:3      | Noticed EnemyBeauty's ghost (amateur TrFi)
  4340 | D:4      | Found a shimmering blue altar of Sif Muna.
  4469 | D:4      | Identified Sif Muna's Guide on Sinister Arts
  4509 | D:4      | Reached XP level 7. HP: 46/46 MP: 4/11
  4706 | D:4      | Reached skill level 10 in Ice Magic
  4934 | D:4      | Found a radiant altar of Vehumet.
  5084 | D:4      | Became a worshipper of Vehumet
  5808 | D:4      | Learned a level 4 spell: Summon Ice Beast
  5837 | D:5      | Entered Level 5 of the Dungeon
  5893 | D:5      | Reached skill level 1 in Summonings
  5893 | D:5      | Reached skill level 11 in Ice Magic
  5893 | D:5      | Reached XP level 8. HP: 52/52 MP: 8/12
  5909 | D:5      | Reached skill level 2 in Summonings
  5918 | D:5      | Reached skill level 3 in Summonings
  6036 | D:5      | Reached skill level 4 in Summonings
  6370 | D:5      | Found a bloodstained altar of Trog.
  6561 | D:5      | Got a dazzling mace
  6562 | D:5      | Identified the cursed +1 mace of Calculation {elec, Int+4}
                  | (You found it on level 5 of the Dungeon)
  7267 | D:6      | Reached skill level 4 in Spellcasting
  7349 | D:6      | Found Qiys's Distillery.
  7488 | D:6      | Found a burning altar of Makhleb.
  7757 | D:6      | Found a staircase to the Ecumenical Temple.
  7810 | D:6      | Reached * piety under Vehumet
  7810 | D:6      | Offered knowledge of Foxfire by Vehumet.
  7810 | D:6      | Reached skill level 5 in Spellcasting
  7861 | D:6      | Found a basalt altar of Yredelemnul.
  8113 | D:6      | Bought a potion of heal wounds for 50 gold pieces
  8113 | D:6      | Bought a potion of haste for 100 gold pieces
  8113 | D:6      | Bought a potion of curing for 30 gold pieces
  8113 | D:6      | Bought a potion of haste for 100 gold pieces
  8113 | D:6      | Bought a potion of heal wounds for 50 gold pieces
  8113 | D:6      | Bought a potion of might for 40 gold pieces
  8127 | D:7      | Reached XP level 9. HP: 57/57 MP: 8/16
  8197 | D:7      | Learned a level 4 spell: Hailstorm
  8251 | D:7      | Got a heavily runed amber ring
  8252 | D:7      | Identified the ring of Finality {rPois Dex+2} (You found it
                  | on level 7 of the Dungeon)
  8269 | D:7      | Noticed Menkaure
  8278 | D:7      | Killed Menkaure
  8278 | D:7      | Reached skill level 1 in Fighting
  8557 | D:7      | Reached skill level 1 in Conjurations
  8562 | D:7      | Reached skill level 3 in Dodging
  8651 | D:7      | Reached skill level 2 in Fighting
  8651 | D:7      | Reached skill level 12 in Ice Magic
  8838 | D:7      | Found a runed translucent gate.
  8838 | D:7      | Found a runed translucent gate.
  8838 | D:7      | Found a runed translucent gate.
  8838 | D:7      | Noticed airwow's ghost (novice HuMo)
  8838 | D:7      | Noticed PIKKUHERKKO's ghost (novice DsGl)
  8838 | D:7      | Noticed emiel's ghost (novice FoWn)
  8838 | D:7      | Noticed EnemyBeauty's ghost (novice GrFi)
  8839 | D:7      | Noticed p0werm0de's ghost (novice GrFi)
  9035 | D:7      | Reached skill level 3 in Fighting
  9268 | D:7      | Reached skill level 4 in Dodging
  9268 | D:7      | Reached skill level 2 in Conjurations
  9480 | D:8      | Reached skill level 4 in Fighting
  9610 | D:8      | Noticed Erica
  9611 | D:8      | Noticed Psyche
  9623 | D:8      | Killed Erica
  9623 | D:8      | Reached skill level 5 in Fighting
  9623 | D:8      | Reached skill level 5 in Dodging
  9623 | D:8      | Reached skill level 6 in Spellcasting
  9623 | D:8      | Reached skill level 3 in Conjurations
  9623 | D:8      | Reached XP level 10. HP: 45/74 MP: 8/19
  9623 | D:8      | Killed Psyche
  9630 | D:8      | Noticed Prince Ribbit
  9646 | D:8      | Killed Prince Ribbit
  9646 | D:8      | Reached skill level 6 in Dodging
 10047 | D:8      | Found a transporter.
 10048 | D:8      | Found a transporter.
 10055 | D:8      | Reached skill level 6 in Fighting
 10125 | D:8      | Identified the amulet "Saos" {RegenMP Str+3}
 10128 | D:8      | Found a roughly hewn altar of Beogh.
 10368 | D:8      | Found a white marble altar of Elyvilon.
 10445 | D:8      | Killed an unseen horror
 10784 | D:9      | Reached skill level 4 in Conjurations
 10785 | D:9      | Offered knowledge of Searing Ray by Vehumet.
 10785 | D:9      | Reached ** piety under Vehumet
 10789 | D:9      | Reached skill level 7 in Fighting
 10809 | D:9      | Reached skill level 7 in Dodging
 11170 | D:9      | Offered knowledge of Stone Arrow by Vehumet.
 11254 | D:9      | Found a staircase to the Orcish Mines.
 11371 | D:9      | Reached skill level 7 in Spellcasting
 11951 | D:10     | Entered Level 10 of the Dungeon
 11969 | D:10     | Reached XP level 11. HP: 85/85 MP: 12/21
 11980 | D:10     | Reached *** piety under Vehumet
 12006 | D:10     | Reached skill level 8 in Fighting
 12208 | D:10     | Reached skill level 13 in Ice Magic
 12209 | D:10     | Reached skill level 8 in Dodging
 12299 | D:10     | Noticed a cyclops
 12324 | D:10     | Killed a cyclops
 12548 | D:10     | Got an ichor-stained short sword
 12549 | D:10     | Identified the +8 short sword "Glorpo" {holy, Str-2 Int+6
                  | SInv Stlth+} (You found it on level 10 of the Dungeon)
 12596 | D:10     | Offered knowledge of Airstrike by Vehumet.
 13042 | D:11     | Found a staircase to the Lair.
 13060 | D:11     | Reached skill level 9 in Fighting
 13188 | D:11     | Noticed a two-headed ogre
 13201 | D:11     | Killed a two-headed ogre
 13201 | D:11     | Reached **** piety under Vehumet
 13201 | D:11     | Reached skill level 9 in Dodging
 13414 | D:11     | Noticed an unseen horror
 13418 | D:11     | Killed an unseen horror
 13418 | D:11     | Offered knowledge of Olgreb's Toxic Radiance by Vehumet.
 13754 | D:11     | Reached skill level 8 in Spellcasting
 13760 | D:11     | Reached skill level 10 in Fighting
 13846 | Lair:1   | Entered Level 1 of the Lair of Beasts
 13920 | Lair:1   | Noticed an oklob plant
 13921 | Lair:1   | Noticed an oklob plant
 13937 | Lair:1   | Identified a scroll of acquirement
 14147 | Lair:1   | Noticed an eight-headed hydra
 14154 | Lair:1   | Killed an eight-headed hydra
 14154 | Lair:1   | Reached skill level 10 in Dodging
 14381 | Lair:1   | Reached XP level 12. HP: 95/99 MP: 24/24
 14469 | Lair:1   | Got a fine falchion
 14470 | Lair:1   | Identified the +9 falchion "Fyism" {vorpal, +Fly rF++ Int-4
                  | Dex+4} (You found it on level 1 of the Lair of Beasts)
 14702 | Lair:1   | Reached skill level 11 in Fighting
 15322 | Lair:2   | Noticed Sonja
 15329 | Lair:2   | Killed Sonja
 15704 | Lair:2   | Noticed Fannar
 15713 | Lair:2   | Reached skill level 11 in Dodging
 15753 | Lair:2   | Noticed Gastronok
 15758 | Lair:2   | Killed Fannar
 15774 | Lair:2   | Killed Gastronok
 15774 | Lair:2   | Reached skill level 12 in Fighting
 16144 | Lair:2   | Reached ***** piety under Vehumet
 16328 | Lair:2   | Found a staircase to the Swamp.
 16658 | Lair:3   | Reached skill level 12 in Dodging
 16823 | Lair:3   | Noticed a death yak
 16824 | Lair:3   | Noticed a death yak
 16825 | Lair:3   | Noticed a death yak
 16826 | Lair:3   | Noticed a death yak
 16843 | Lair:3   | Killed a death yak
 16845 | Lair:3   | Killed a death yak
 16845 | Lair:3   | Reached skill level 13 in Fighting
 16845 | Lair:3   | Killed a death yak
 16849 | Lair:3   | Killed a death yak
 16887 | Lair:3   | Gained mutation: You can hop long distances. [Barachi
                  | growth]
 16887 | Lair:3   | Reached XP level 13. HP: 83/111 MP: 17/25
 17306 | Lair:3   | Offered knowledge of Starburst by Vehumet.
 18017 | Lair:4   | Reached skill level 13 in Dodging
 18143 | Lair:4   | Reached skill level 14 in Fighting
 18888 | Lair:4   | Offered knowledge of Ozocubu's Refrigeration by Vehumet.
 18899 | Lair:4   | Learned a level 6 spell: Ozocubu's Refrigeration
 19053 | Lair:4   | Found a hole to the Spider Nest.
 19622 | Lair:4   | Noticed Kirke
 19627 | Lair:4   | Killed Kirke
 20235 | Lair:4   | Reached skill level 14 in Dodging
 20235 | Lair:4   | Reached XP level 14. HP: 89/121 MP: 17/26
 20582 | Spider:1 | Entered Level 1 of the Spider Nest
 20638 | Lair:5   | Reached skill level 14 in Ice Magic
 20753 | Lair:5   | Reached skill level 15 in Fighting
 20753 | Lair:5   | Reached skill level 9 in Spellcasting
 21267 | Lair:5   | Identified 2 potions of resistance
 21610 | Lair:6   | Entered Level 6 of the Lair of Beasts
 22052 | Lair:6   | Reached skill level 15 in Ice Magic
 22244 | Lair:6   | Offered knowledge of Yara's Violent Unravelling by Vehumet.
 22357 | Lair:6   | Reached skill level 10 in Spellcasting
 22516 | Lair:6   | Reached skill level 15 in Dodging
 22628 | Lair:6   | Reached skill level 2 in Stealth
 22719 | Lair:6   | Identified the Catalogue of Weightlessness and Summoning
 22864 | Lair:6   | Got a jewelled leather armour
 22875 | Lair:6   | Identified the +1 leather armour of Narcissism {Harm rF+
                  | SInv} (You found it on level 6 of the Lair of Beasts)
 22889 | Lair:6   | Found a staircase to the Slime Pits.
 23194 | Lair:6   | Found a viscous altar of Jiyva.
 23840 | Orc:1    | Entered Level 1 of the Orcish Mines
 24005 | Orc:2    | Entered Level 2 of the Orcish Mines
 24006 | Orc:2    | Reached XP level 15. HP: 129/129 MP: 27/29
 24016 | Orc:2    | Noticed Erolcha
 24018 | Orc:2    | Killed Erolcha
 24096 | Orc:2    | Reached skill level 11 in Spellcasting
 24593 | Orc:2    | Reached skill level 16 in Ice Magic
 24788 | Orc:2    | Offered knowledge of Orb of Destruction by Vehumet.
 24808 | Orc:2    | Noticed an orc warlord
 24811 | Orc:2    | Killed an orc warlord
 24895 | Orc:2    | Found a roughly hewn altar of Beogh.
 24907 | Orc:2    | Found Weeff's Book Shoppe.
 25170 | Orc:2    | Found Ommuom's Book Shop.
 25297 | Orc:2    | Upgraded the game from 0.26-a0-58-g79b31b8662 to
                  | 0.26-a0-61-g6c07f0ee8d
 25612 | Orc:2    | Identified a +1 robe of resistance (You found it on level 2
                  | of the Orcish Mines)
 25685 | Orc:2    | Found a staircase to the Elven Halls.
 25891 | Orc:2    | Found a roughly hewn altar of Beogh.
 25894 | Orc:2    | Reached skill level 12 in Spellcasting
 25998 | Orc:2    | Found Jaicruvu's Magic Scroll Emporium.
 26000 | Orc:2    | Reached ****** piety under Vehumet
 26000 | Orc:2    | Offered knowledge of Spellforged Servitor by Vehumet.
 26000 | Orc:2    | Reached skill level 17 in Ice Magic
 26061 | Orc:2    | Found Teocen's Magic Scroll Shoppe.
 26888 | Orc:2    | Bought a book of Clouds for 675 gold pieces
 26898 | Orc:2    | Learned a level 9 spell: Absolute Zero
 26905 | Orc:2    | Learned a level 6 spell: Freezing Cloud
 27283 | D:12     | Reached skill level 1 in Air Magic
 28040 | D:13     | Reached skill level 2 in Air Magic
 28335 | D:13     | Found Xuxiocaixt's General Store.
 28339 | D:13     | Found a glowing silver altar of Zin.
 28411 | D:13     | Offered knowledge of Bolt of Magma by Vehumet.
 28495 | D:15     | Entered Level 15 of the Dungeon
 28503 | D:15     | Reached skill level 3 in Air Magic
 28509 | D:15     | Found a staircase to the Depths.
 28534 | D:15     | Reached XP level 16. HP: 58/136 MP: 16/32
 28689 | D:15     | Found a frozen archway.
 28773 | IceCv    | Entered an ice cave
 28776 | IceCv    | Reached skill level 4 in Air Magic
 28809 | IceCv    | Reached skill level 18 in Ice Magic
 30759 | IceCv    | Reached skill level 13 in Spellcasting
 31099 | IceCv    | Got a dazzling plate armour
 31110 | IceCv    | Identified the cursed +0 plate armour of Shielding {Dex+2}
                  | (You found it in an ice cave)
 32539 | D:15     | Offered knowledge of Iron Shot by Vehumet.
 32728 | D:14     | Noticed a lich
 32728 | D:14     | Noticed Ozilapy's ghost (journeyman TrTm)
 32729 | D:14     | Noticed a tengu reaver
 32978 | D:14     | Found a portal to a secret trove of treasure.
 33209 | D:14     | Found a shimmering blue altar of Sif Muna.
 33210 | D:14     | Found a transporter.
 33216 | D:14     | Reached skill level 19 in Ice Magic
 33344 | D:14     | Found a runed translucent door.
 33380 | D:14     | Found a runed translucent door.
 34405 | D:13     | Found a gate to the Vaults.
 34406 | D:13     | Paralysed by a wizard for 2 turns
 34716 | D:13     | Got a pitted ring mail
 34727 | D:13     | Identified the +3 ring mail of the Many Deaths {rPois MR++
                  | Dex+4} (You found it on level 13 of the Dungeon)
 34968 | D:3      | Killed EnemyBeauty's ghost
 35099 | D:7      | Killed airwow's ghost
 35099 | D:7      | Reached skill level 14 in Spellcasting
 35099 | D:7      | Killed PIKKUHERKKO's ghost
 35099 | D:7      | Killed emiel's ghost
 35100 | D:7      | Killed p0werm0de's ghost
 35104 | D:7      | Killed EnemyBeauty's ghost
 35979 | D:14     | Noticed a Tzitzimitl
 35982 | D:14     | HP: 6/136 [skeletal warrior/+2 scimitar (19)]
 35983 | D:14     | Demolished by a skeletal warrior

Vanquished Creatures
  Gastronok (Lair:2)
  Kirke (Lair:4)
  A frost giant (IceCv)
  An orc warlord (Orc:2)
  An ettin (Orc:1)
  Fannar (Lair:2)
  An ogre mage (D:15)
  3 hydras
  Erolcha (Orc:2)
  A catoblepas (Lair:4)
  2 centaur warriors
  13 two-headed ogres
  Erica (D:8)
  12 death yaks
  A tengu warrior (D:15)
  5 orc high priests (Orc:2)
  Sonja (Lair:2)
  A skeletal warrior (D:14)
  The ghost of emiel the Carver, a novice FoWn (D:7)
  The ghost of airwow the Poker, a novice HuMo (D:7)
  3 unseen horrors
  A glowing orange brain (shapeshifter) (D:15)
  A deep troll (D:15)
  A wizard (D:13)
  The ghost of EnemyBeauty the Fighter, a novice GrFi (D:7)
  6 orc knights
  A lindwurm (Lair:4)
  A deep elf archer (D:15)
  9 ugly things
  7 orc sorcerers
  4 cyclopes
  4 oklob plants (Lair:4)
  An orb spider (shapeshifter) (D:15)
  2 manticores (D:15)
  The ghost of p0werm0de the Skirmisher, a novice GrFi of Okawaru (D:7)
  10 elephants (Lair:6)
  A moth of wrath (shapeshifter) (D:15)
  3 centaur zombies
  2 black mambas
  4 gargoyles
  Psyche (D:8)
  A torpor snail (Lair:5)
  An ice statue (IceCv)
  20 spiny frogs
  The ghost of PIKKUHERKKO the Chopper, a novice DsGl of Makhleb (D:7)
  5 rime drakes
  6 komodo dragons
  An efreet (D:14)
  A tengu conjurer (D:14)
  17 polar bears (IceCv)
  11 trolls
  6 meliai
  A queen bee (Lair:4)
  Prince Ribbit (D:8)
  4 tyrant leeches (Lair:6)
  A hornet (D:12)
  9 hippogriffs
  12 slime creatures
  25 blink frogs
  Sigmund (D:2)
  A vampire (D:10)
  4 shadows (D:15)
  The ghost of EnemyBeauty the Ducker, an amateur TrFi of Uskayaw (D:3)
  A spriggan (D:7)
  2 wraiths
  8 wyverns
  A hog (Lair:4)
  46 yaks
  A hungry ghost (D:14)
  10 vampire mosquitoes
  5 basilisks
  Menkaure (D:7)
  10 water moccasins
  2 sky beasts
  6 porcupines
  43 orc warriors
  3 phantoms (D:9)
  10 ice beasts
  A black bear (D:12)
  An eye of draining (D:15)
  24 ogres
  14 centaurs
  27 wolves
  17 crocodiles
  29 bullfrogs
  2 wyvern zombies
  6 scorpions
  2 wyvern skeletons
  39 killer bees
  3 electric eels
  5 howler monkeys
  A quasit (D:7)
  3 bullfrog zombies
  3 jellies
  2 gnoll shamans
  40 orc priests
  4 centaur skeletons
  4 hounds
  26 orc wizards
  3 bullfrog skeletons
  5 iguanas
  2 hell rats (Lair:4)
  13 worker ants
  A statue (D:4)
  A centaur simulacrum (D:3)
  3 hound skeletons
  Robin (D:2)
  A howler monkey zombie (D:10)
  15 gnolls
  9 adders
  3 shadow imps
  4 worms
  6 dart slugs
  2 adder simulacra (D:3)
  4 leopard geckos
  136 orcs
  4 ball pythons
  10 giant cockroaches
  16 goblins
  14 hobgoblins
  11 jackals
  13 kobolds
  2 quokkas
  A ball python simulacrum (D:3)
  6 bats
  5 frilled lizards
  A jackal zombie (D:8)
  12 rats
  5 fungi
  23 plants (Lair:6)
978 creatures vanquished.

Vanquished Creatures (collateral kills)
  6 hydras
  2 oklob plants (Lair:1)
  A spiny frog (Lair:6)
  A rime drake (Lair:4)
  2 hogs (Lair:4)
  2 hungry ghosts
  A wolf (Lair:6)
  A crocodile (Lair:6)
16 creatures vanquished.

Vanquished Creatures (others)
  A polar bear (IceCv)
  A human (Lair:4)
  A wolf (IceCv)
  A killer bee (Lair:4)
  20 fungi
  51 plants
75 creatures vanquished.

Grand Total: 1069 creatures vanquished
